AoeStats
← majd.lukili

Fortress

510292111Analyzed
1v1 RM · 2d ago on Sep 30, 2026· 42m 54s· 2 players
Game mode
Random Map
Map size
Small (3 player)
Population
200
Speed
Normal
Resources
Standard
Victory
Conquest
Starting age
Dark Age
Ending age
Imperial Age
RankedLock teamsTeams togetherTeam positionsShared explorationLock speedFull tech treeHidden civsTurbo modeCheats
Victory
Defeat
🇲🇦 Varangians · Morocco
1114
+15
🇨🇿 Maya · Czechia
1100
-15
Dej Fem Ten Kek
7:30 Feudal Age
11:20 Castle Age
9:28 Double-Bit Axe
9:24 Horse Collar
10:43 Stone Mining
11:20 Gold Mining
12:24 Bow Saw
14:12 Wheelbarrow
18:43 Town Watch
19:00 Fletching
22:04 Bodkin Arrow
24:41 Padded Archer Armor
27:07 Hand Cart
28:41 Heavy Plow
32:43 Imperial Age
30:01 Loom
30:39 Ballistics
30:38 Leather Archer Armor
32:02 Masonry
33:27 Bracer
32:54 Elite Plumed Archer
34:06 Ring Archer Armor
34:39 Chemistry
34:26 Conscription
34:34 Conscription
34:51 Hoardings
35:09 Town Patrol
34:54 Sappers
majd.lukili
7:00 Feudal Age
11:12 Castle Age
10:05 Double-Bit Axe
10:10 Horse Collar
17:45 Bow Saw
20:22 Wheelbarrow
20:45 Loom
25:22 Imperial Age
23:27 Heavy Plow
23:22 Gold Mining
23:22 Stone Mining
23:29 Stone Mining
24:36 Forging
25:13 Stone Shaft Mining
25:08 Fervor
25:08 Scale Barding Armor
24:54 Fletching
25:39 Bloodlines
25:29 Husbandry
25:32 Town Watch
26:30 Conscription
26:34 Chain Barding Armor
26:45 Murder Holes
28:23 Crop Rotation
28:47 Hand Cart
28:33 Town Patrol
29:36 Iron Casting
29:45 Ballistics
30:26 Chemistry
29:21 Cavalier
29:54 Gothikon
29:58 Vendel Legacy
31:04 Bodkin Arrow
31:54 Plate Barding Armor
32:20 Blast Furnace
34:17 Siege Engineers
34:24 Bracer
34:25 Padded Archer Armor
33:50 Elite Skirmisher
35:01 Treadmill Crane
35:32 Fortified Wall
Connection lost

Rejoining the realm…

Still unreachable

The connection could not be restored.

Session expired

The server has moved on; the page needs a fresh start.